 Dungeon Crawl Stone Soup version 0.22-a0-181-gb22368a (webtiles) character file.

17336 KarmaPolice the Fighter (level 12, -3/148 HPs)
             Began as a Demonspawn Abyssal Knight on Feb 14, 2018.
             Was the Champion of Lugonu.
             Slain by a freezing wraith (7 damage)
             ... led by a death knight
             ... on level 12 of the Dungeon on Feb 15, 2018.
             The game lasted 01:19:14 (23470 turns).

KarmaPolice the Fighter (DsAK)                     Turns: 23470, Time: 01:19:15

Health: -3/148     AC:  9    Str: 22    XL:     12   Next: 18%
Magic:  19/19      EV: 11    Int: 15    God:    Lugonu [******]
Gold:   490        SH:  5    Dex: 12    Spells: 11/11 levels left

rFire    . . .     SeeInvis .   G - +2 spear of a treasure trove {pierce, *Rage rElec rPois rC+} (curse)
rCold    + . .     Gourm    .   n - +0 buckler
rNeg     . . .     Faith    .   S - +0 troll leather armour
rPois    +         Spirit   .   m - +0 helmet
rElec    +         Reflect  .   (no cloak)
rCorr    +         Harm     .   (no gloves)
MR       .....     Rnd*Rage +   (no boots)
Stlth    ..........             (no amulet)
HPRegen  0.74/turn              v - ring of resist corrosion
MPRegen  0.16/turn              T - ring of flight

@: mighty, berserking, slowed, drained
A: claws 2, molten scales 2, powered by death 1, powered by pain 1
a: Depart the Abyss, Bend Space, Banish, Corrupt, Enter the Abyss, Brand Weapon
With Distortion, Renounce Religion, Evoke Flight


You were on level 12 of the Dungeon.
You worshipped Lugonu.
Lugonu was exalted by your worship.
You were not hungry.

You visited 1 branch of the dungeon, and saw 13 of its levels.
You visited the Abyss 1 time.

You collected 768 gold pieces.
You spent 278 gold pieces at shops.

Inventory:

Hand Weapons
 a - a +1 scimitar of flaming
 p - a +1 flail of draining
 G - the cursed +2 spear of a treasure trove (weapon) {pierce, *Rage rElec rPois rC+}
   (You found it on level 12 of the Dungeon)

   It inflicts extra damage upon your enemies.
   It protects you from cold.
   It insulates you from electricity.
   It protects you from poison.
   It may make you go berserk in combat.
   It has a curse placed upon it.
 I - a +0 blowgun
Missiles
 e - 349 stones (quivered)
 q - 2 throwing nets
 D - 3 curare-tipped needles
 J - 60 poisoned needles
Armour
 b - the +1 ring mail "Qaili" {rF++}
   (You found it on level 9 of the Dungeon)

   It greatly protects you from fire.
 m - a +0 helmet (worn)
 n - a +0 buckler (worn)
 P - a +0 leather armour of magic resistance
 S - a +0 troll leather armour (worn)
Jewellery
 v - a ring of resist corrosion (left claw)
 O - an uncursed ring of ice
 T - a ring of flight (right claw)
Wands
 d - a wand of iceblast (5)
 u - a wand of enslavement (5)
 B - a wand of acid (2)
 K - a wand of flame (6)
 Q - a wand of polymorph (31)
 U - a wand of random effects (34)
 Z - a wand of clouds (3)
Scrolls
 g - 5 scrolls of fog
 i - 2 scrolls of identify
 j - 2 scrolls of random uselessness
 l - 5 scrolls of enchant weapon
 s - 8 scrolls of teleportation
 t - 2 scrolls of remove curse
 w - 3 scrolls of enchant armour
 y - 3 scrolls of magic mapping
 z - 4 scrolls of fear
 H - a scroll of summoning
 N - 2 scrolls of vulnerability
 W - 2 scrolls of immolation
 X - a scroll of amnesia
 Y - a scroll of torment
Potions
 h - 7 potions of curing
 k - a potion of mutation {unknown}
 o - a potion of cancellation {unknown}
 r - a potion of invisibility
 C - 2 potions of lignification
 F - 2 potions of ambrosia {unknown}
 M - a potion of brilliance {unknown}
 R - a potion of resistance {unknown}
 V - 2 potions of flight
Books
 x - a book of Battle

   Spells                             Type                      Level
   a - Infusion                       Charms                       1
   b - Shroud of Golubria             Charms/Translocation         2
   c - Song of Slaying                Charms                       2
   d - Spectral Weapon                Hexes/Charms                 3
   e - Regeneration                   Charms/Necromancy            3
 E - a book of Debilitation

   Spells                             Type                      Level
   a - Corona                         Hexes                        1
   b - Slow                           Hexes                        2
   c - Inner Flame                    Hexes/Fire                   3
   d - Portal Projectile              Hexes/Translocation          3
   e - Cause Fear                     Hexes                        4
   f - Leda's Liquefaction            Hexes/Earth                  4
Comestibles
 c - 26 rations
 A - 6 chunks of flesh


   Skills:
 + Level 10.9(10.7) Fighting
   Level 5.9(7.9) Axes
 - Level 8.4(9.1) Maces & Flails
 + Level 0.0(3.4) Polearms
 - Level 2.7(2.5) Throwing
 - Level 6.2(6.1) Armour
 - Level 0.8(0.7) Dodging
 + Level 4.2(4.1) Shields
 - Level 2.4(2.3) Invocations
 + Level 9.9(9.7) Evocations


You had 11 spell levels left.
You didn't know any spells.

Dungeon Overview and Level Annotations

Branches:
Dungeon (13/15)            Temple (0/1) D:4            Lair (0/6) D:11
    Orc (0/2) D:11
 Vaults: D:13-14

Altars:
Cheibriados
Elyvilon
Qazlal
Ru
Trog
Uskayaw
Vehumet
Xom
The Shining One

Shops:
D:6 !}   D:9 ?!


Innate Abilities, Weirdness & Mutations

You have very sharp fingernails.
You are mostly covered in molten scales. (AC +3)
You regenerate a little health from kills.
You sometimes gain a little power by taking damage.


Message History

You feel as though you will be slow longer.
You puncture the freezing wraith!
The freezing wraith is moderately damaged.
The freezing wraith misses you. The freezing wraith barely misses you.
You completely miss the freezing wraith.
The freezing wraith is moderately damaged.
The freezing wraith misses you. The freezing wraith barely misses you.
The freezing wraith hits you!
* * * LOW HITPOINT WARNING * * *
The freezing wraith freezes you. You resist.
* * * LOW HITPOINT WARNING * * *
The freezing wraith hits you.
* * * LOW HITPOINT WARNING * * *
The freezing wraith drains your vigour!
You feel as though you will be slow longer.
You are too berserk!
The freezing wraith hits you!
* * * LOW HITPOINT WARNING * * *
The freezing wraith freezes you! You resist.
You die...

...........#######...............
...........#.....#...........###'
...##'###..#.....#.........÷.#...
...#..†)#..#.....##..........#...
...#....#..#......#..........#...
...#....'..###'####..........#'##
..##....#........................
..#.....#........................
..#.....#..:...W@......>.........
..###++##......W...#######.......
..............######.....#.......
...........#### .........########
...........# ....§.§....^.....
...........# .......§........§
..#........#...###§####.§.......o
.###.......#...# #.......... ##
##......#...# #..........


You could see 2 freezing wraiths.

Vanquished Creatures
  Nessos (D:12)
  Azrael (D:12)
  Snorg (D:10)
  4 two-headed ogres
  An unseen horror (D:10)
  An ugly thing (D:12)
  A wolf spider (D:12)
  Maurice (D:8)
  2 slime creatures (D:12)
  A cyclops (D:11)
  Joseph (D:8)
  A kobold demonologist (D:11)
  A troll (D:12)
  A hornet (D:9)
  Prince Ribbit (D:8)
  A hippogriff (D:11)
  Sigmund (D:5)
  A basilisk (D:10)
  2 fire elementals
  A spriggan (D:9)
  A hungry ghost (D:10)
  Menkaure (D:6)
  A soldier ant (D:10)
  A water moccasin (D:9)
  2 hell hounds (D:12)
  2 porcupines (D:11)
  A phantom (D:9)
  4 ice beasts
  6 orc warriors
  A sky beast (D:6)
  A necrophage (D:12)
  6 ogres
  4 black bears
  2 wolves
  2 crocodiles (D:11)
  3 centaurs
  A big kobold (D:7)
  9 bullfrogs
  A water moccasin skeleton (D:8)
  2 killer bees (D:10)
  6 scorpions
  7 wights
  3 howler monkeys (D:10)
  7 crimson imps
  A centaur zombie (D:12)
  2 quasits
  4 bullfrog skeletons
  7 hounds
  6 jellies
  7 orc priests
  10 orc wizards
  Terence (D:2)
  5 iguanas
  7 worker ants
  A killer bee zombie (D:8)
  A hound zombie (D:5)
  Robin (D:1)
  2 worker ant zombies
  16 gnolls
  A howler monkey zombie (D:10)
  11 adders
  3 shadow imps
  An ooze (D:2)
  An adder zombie (D:5)
  2 adder skeletons
  5 worms
  A dart slug (D:1)
  4 leopard geckos
  51 orcs
  6 giant cockroaches
  16 goblins
  7 hobgoblins
  20 jackals
  10 kobolds
  7 quokkas
  10 bats
  3 frilled lizards
  A jackal zombie (D:6)
  A leopard gecko skeleton (D:7)
  A leopard gecko zombie (D:5)
  A quokka zombie (D:9)
  15 rats
348 creatures vanquished.

Vanquished Creatures (collateral kills)
  3 killer bees (D:10)
  A wight (D:11)
  A jackal (D:10)
5 creatures vanquished.

Vanquished Creatures (others)
  6 killer bees (D:10)
6 creatures vanquished.

Grand Total: 359 creatures vanquished

Notes
Turn   | Place    | Note
-------+----------+-------------------------------------------
     0 | Abyss:1  | KarmaPolice the Demonspawn Abyssal Knight began the quest for the Orb.
     0 | Abyss:1  | Reached XP level 1. HP: 18/18 MP: 2/2
     1 | Abyss:1  | Noticed a naga mage
     3 | Abyss:1  | Noticed a deep elf knight
     3 | Abyss:1  | Noticed a mace of draining
     3 | Abyss:1  | Noticed a short sword of freezing
     3 | Abyss:1  | Noticed a black mamba
     3 | Abyss:1  | Noticed a naga mage
     5 | D:1      | Escaped the Abyss
   136 | D:1      | Reached * piety under Lugonu
   392 | D:1      | Gained mutation: You regenerate a little health from kills. [demonic ancestry]
   392 | D:1      | Reached XP level 2. HP: 21/24 MP: 3/3
   569 | D:1      | Reached skill level 1 in Throwing
  1031 | D:2      | Reached XP level 3. HP: 26/29 MP: 4/4
  1241 | D:2      | Noticed Robin
  1544 | D:1      | HP: 1/29 [gnoll/spear (1)]
  2063 | D:2      | Reached XP level 4. HP: 7/37 MP: 5/5
  2366 | D:2      | Reached ** piety under Lugonu
  2518 | D:1      | Killed Robin
  2690 | D:2      | Noticed Terence
  2890 | D:2      | Reached skill level 4 in Fighting
  3189 | D:2      | Killed Terence
  3189 | D:2      | Gained mutation: You sometimes gain a little power by taking damage. [demonic ancestry]
  3189 | D:2      | Reached XP level 5. HP: 40/42 MP: 6/6
  4586 | D:4      | Noticed an ogre
  5032 | D:3      | Gained mutation: You have sharp fingernails. [demonic ancestry]
  5032 | D:3      | Reached XP level 6. HP: 49/49 MP: 7/7
  5039 | D:4      | Reached skill level 1 in Maces & Flails
  5073 | D:4      | Reached *** piety under Lugonu
  5145 | D:4      | Reached skill level 1 in Evocations
  5435 | D:4      | Found a stormy altar of Qazlal.
  5575 | D:4      | Found a staircase to the Ecumenical Temple.
  6309 | D:4      | Found a sacrificial altar of Ru.
  6329 | D:4      | Found a shimmering altar of Xom.
  6329 | D:4      | Found a stormy altar of Qazlal.
  6331 | D:4      | Found a hide-covered altar of Uskayaw.
  6331 | D:4      | Found a snail-covered altar of Cheibriados.
  6331 | D:4      | Found a radiant altar of Vehumet.
  6371 | D:4      | Reached skill level 5 in Fighting
  6371 | D:4      | Gained mutation: You have very sharp fingernails. [demonic ancestry]
  6371 | D:4      | Reached XP level 7. HP: 44/56 MP: 8/8
  7056 | D:4      | Found a radiant altar of Vehumet.
  7057 | D:4      | Found a hide-covered altar of Uskayaw.
  7447 | D:5      | Entered Level 5 of the Dungeon
  8126 | D:5      | Gained mutation: You are partially covered in molten scales. (AC +2) [demonic ancestry]
  8126 | D:5      | Reached XP level 8. HP: 26/64 MP: 10/10
  8442 | D:5      | Found a white marble altar of Elyvilon.
  8740 | D:5      | Noticed Sigmund
  8749 | D:5      | Killed Sigmund
  8749 | D:5      | Reached skill level 6 in Fighting
  8749 | D:5      | Reached skill level 5 in Axes
  9271 | D:6      | Noticed Menkaure
  9278 | D:6      | HP: 2/64 [Menkaure (10)]
  9279 | D:6      | Killed Menkaure
  9738 | D:6      | Found a snail-covered altar of Cheibriados.
  9744 | D:6      | Reached **** piety under Lugonu
 10070 | D:6      | Found Qebbonor's Distillery.
 10078 | D:6      | Bought a potion of degeneration for 11 gold pieces
 10078 | D:6      | Bought a potion of lignification for 33 gold pieces
 10481 | D:6      | Found Ismyr's Gadget Emporium.
 10634 | D:6      | Noticed a moth of wrath
 10637 | D:6      | Found a bloodstained altar of Trog.
 10833 | D:6      | Reached XP level 9. HP: 53/71 MP: 12/12
 11078 | D:7      | Reached skill level 5 in Evocations
 11512 | D:3      | You fall through a shaft for 2 floors!
 11704 | D:7      | Reached skill level 7 in Fighting
 12047 | D:7      | Reached skill level 5 in Maces & Flails
 12233 | D:8      | Noticed Prince Ribbit
 12233 | D:8      | Noticed Maurice
 12393 | D:8      | Found a glowing golden altar of the Shining One.
 12414 | D:8      | Noticed Joseph
 12437 | D:8      | Killed Joseph
 12530 | D:8      | Killed Maurice
 12575 | D:8      | Killed Prince Ribbit
 12650 | D:8      | Reached ***** piety under Lugonu
 13021 | D:8      | Noticed a two-headed ogre
 13070 | D:8      | Killed a two-headed ogre
 13070 | D:8      | Reached skill level 8 in Fighting
 13070 | D:8      | Reached XP level 10. HP: 80/80 MP: 14/14
 14521 | D:9      | Found a sacrificial altar of Ru.
 14849 | D:9      | Found Vasmetyz's Magic Scroll Boutique.
 14949 | D:9      | Found Keam's Distillery.
 14961 | D:9      | Bought a potion of flight for 42 gold pieces
 14967 | D:9      | Bought a scroll of teleportation for 48 gold pieces
 14967 | D:9      | Bought a scroll of immolation for 56 gold pieces
 14967 | D:9      | Bought a scroll of fog for 32 gold pieces
 14967 | D:9      | Bought a scroll of magic mapping for 56 gold pieces
 15051 | D:9      | Got a steaming ring mail
 15062 | D:9      | Identified the cursed +1 ring mail "Qaili" {rF++} (You found it on level 9 of the Dungeon)
 15464 | D:10     | Entered Level 10 of the Dungeon
 15991 | D:10     | Killed an unseen horror
 15991 | D:10     | Reached skill level 9 in Fighting
 15991 | D:10     | Reached skill level 5 in Armour
 16504 | D:10     | Noticed a two-headed ogre
 16537 | D:10     | Killed a two-headed ogre
 16924 | D:10     | Noticed a two-headed ogre
 17135 | D:10     | Gained mutation: You are mostly covered in molten scales. (AC +3) [demonic ancestry]
 17135 | D:10     | Reached XP level 11. HP: 82/89 MP: 15/17
 17220 | D:10     | Noticed Snorg
 17242 | D:10     | Killed Snorg
 17306 | D:10     | Killed a two-headed ogre
 18469 | D:11     | Found a staircase to the Lair.
 18825 | D:11     | Found a staircase to the Orcish Mines.
 18834 | D:11     | Noticed a two-headed ogre
 19117 | D:11     | Reached skill level 1 in Shields
 19313 | D:11     | Noticed a sixfirhy
 19316 | D:11     | Reached skill level 10 in Fighting
 19472 | D:11     | Killed a two-headed ogre
 21113 | D:12     | Noticed Azrael
 21400 | D:12     | Killed Azrael
 21592 | D:12     | Noticed Nessos
 21632 | D:12     | Killed Nessos
 21632 | D:12     | Reached XP level 12. HP: 54/99 MP: 19/19
 23326 | D:12     | Reached ****** piety under Lugonu
 23396 | D:12     | Got a sapphire spear
 23397 | D:12     | Identified the cursed +2 spear of a treasure trove {pierce, *Rage rElec rPois rC+} (You found it on level 12 of the Dungeon)
 23470 | D:12     | HP: 4/148 [freezing wraith[a death knight] (11)]
 23470 | D:12     | Slain by a freezing wraith

Vault maps used:
D:1:      dpeg_arrival_rooms_a
D:2:      uniq_robin, uniq_terence
D:3:      first_ration, minmay_misc_feat_more_columns, interstate_on_off
D:4:      lemuel_coloured_pillars_altar, doesnt_xom_only_xom,
          gammafunk_temple_overflow_wave, minmay_temple_entry_nine_rooms,
          minmay_goblin_kobold_house
D:5:      cheibrodos_fzero, elyvilon_altar_5, uniq_sigmund
D:6:      cheibriados_altar_1, serial_shops, shop_coins, shop_statue, tgw_trog,
          uniq_menkaure
D:8:      nicolae_overflow_crystal_walls, uniq_prince_ribbit1, uniq_maurice,
          uniq_joseph
D:9:      serial_shops, shop, nicolae_shop_waterfront, grunt_pizzeria,
          hangedman_abyss_or_decor_passed, nicolae_ru_path_of_blood
D:10:     uniq_snorg
D:11:     minmay_lair_entry_grove, orc_0_dummy
D:12:     minmay_separated_statues, uniq_azrael, uniq_nessos
D:13:     lab_entry_generic, grunt_ministairs_3, minmay_fountain_box,
          uniq_erolcha

Skill      XL: |  1  2  3  4  5  6  7  8  9 10 11 12 |
---------------+-------------------------------------+-----
Axes           | 2 3 4 5 |  5.9
Throwing       | 1 2 |  2.7
Fighting       | 4 5 6 8 9 10 | 10.9
Maces & Flails | 2 3 4 6 7 8 |  8.4
Evocations     | 2 3 4 6 8 9 |  9.9
Armour         | 3 5 6 |  6.2
Shields        | 3 4 |  4.2
Dodging        | |  0.8
Invocations    | |  2.4

Action                   |  1- 3 |  4- 6 |  7- 9 | 10-12 || total
-------------------------+-------+-------+-------+-------++-------
Melee: Hand axe          |   117 |    94 |       |       ||   211
       Short sword       |       |    18 |    25 |       ||    43
       Flail             |       |   144 |   392 |   658 ||  1194
       Spear             |       |       |       |     2 ||     2
 Fire: Blowgun           |       |       |    21 |    54 ||    75
Invok: Depart the Abyss  |     1 |       |       |       ||     1
Evoke: Wand              |       |     4 |     4 |    50 ||    58
  Use: Potion            |       |       |     3 |    10 ||    13
       Scroll            |       |       |     4 |    10 ||    14
 Stab: Invisible         |       |       |       |     3 ||     3
  Eat: Chunk             |     2 |    16 |    16 |    25 ||    59
       Ration            |       |       |     1 |     6 ||     7
Armor: Leather armour    |    42 |    87 |   115 |    31 ||   275
       Ring mail         |       |       |       |   280 ||   280
       Troll leather arm |       |       |       |     3 ||     3
Dodge: Dodged            |    85 |   185 |   250 |   399 ||   919
Block: Buckler           |       |       |       |    65 ||    65

Table legend:
 A = Spawn XP
 B = Non-spawn XP
 C = Spawn XP percentage of total XP
 D = Spawn monster count
 E = Non-spawn monster count
 F = Spawn count percentage of total count
 G = Total turns spent on level
                    A         B        C        D         E        F      G
               +---------+---------+-------+---------+---------+-------+---------
         Total |       0 |   24766 |   0.0 |       0 |     357 |   0.0 | 23470
               +---------+---------+-------+---------+---------+-------+---------
           D:1 |       0 |      76 |   0.0 |       0 |      30 |   0.0 |  2078
           D:2 |       0 |     181 |   0.0 |       0 |      37 |   0.0 |  1520
           D:3 |       0 |     168 |   0.0 |       0 |      21 |   0.0 |  1762
           D:4 |       0 |     743 |   0.0 |       0 |      38 |   0.0 |  2269
           D:5 |       0 |     743 |   0.0 |       0 |      23 |   0.0 |  1855
           D:6 |       0 |     963 |   0.0 |       0 |      32 |   0.0 |  1766
           D:7 |       0 |     644 |   0.0 |       0 |      26 |   0.0 |  1243
           D:8 |       0 |    2676 |   0.0 |       0 |      25 |   0.0 |  1564
           D:9 |       0 |    1463 |   0.0 |       0 |      20 |   0.0 |  1538
          D:10 |       0 |    6381 |   0.0 |       0 |      42 |   0.0 |  3336
          D:11 |       0 |    4418 |   0.0 |       0 |      37 |   0.0 |  2737
          D:12 |       0 |    6310 |   0.0 |       0 |      26 |   0.0 |  1795
               +---------+---------+-------+---------+---------+-------+---------
